 Dungeon Crawl Stone Soup version 0.32-a0-128-g77eb882913 (webtiles) character file.

Game seed: 10536499803061736099

658655 Kenran the Middleweight Champion (level 26, -2/283 HPs)
             Began as a Vampire Fighter on Jan 13, 2024.
             Was the Champion of Jiyva.
             Slain by an Executioner (5 damage)
             ... in Pandemonium on Feb 8, 2024.
             The game lasted 01:59:12 (52208 turns).

Kenran the Middleweight Champion (Vampire Fighter) Turns: 52208, Time: 01:59:13

Health: -2/283     AC: 31    Str: 16 (17) XL:     26   Next: 6%
Magic:  20/29      EV: 27    Int:  6      God:    Jiyva [******]
Gold:   3404       SH: 22    Dex: 27      Spells: 27/33 levels left

rFire   + .          .
                       - Unarmed
rCold   + . .        I - +0 tower shield {reflect}
rNeg    + + +        U - melded +15 Maxwell's patent armour {-Cast -Tele rElec Will+ rCorr}
rPois   ∞            (helmet unavailable)
rElec   +            W - +2 cloak
rCorr   +            p - melded +0 pair of gloves {Dex+3}
SInv    +            F - melded +0 pair of boots
Will    +++++        r - necklace of Bloodlust {Fury *Rage Will++ Int-3 Slay+6}
Stlth   ++           T - ring of protection from fire
HPRegen 2.47/turn    o - ring of Youthful Indiscretion {Fly rN++ Slay+5}
MPRegen 1.01/turn

%: random rage (53%), reflection
@: statue-form, weakened, magic-sapped, corroded, on berserk cooldown, calling
ooze, flying, healing quickly, slowed, studying Hexes, very slow
A: slow and powerful, torment resistance 1, boosted hp, alive, fangs 3, see
invisible, vampiric 2, horns 3, (iridescent scales 2), agile 2, berserk 1, cold
resistance 1, deterioration 1, strong-willed 2, sense surroundings 1,
teleportitis 1, weak 1, wild magic 3, eyeballs 2, pseudopods 3, tendrils, sturdy
frame 1
}: 6/15 runes: decaying, serpentine, slimy, silver, demonic, glowing
a: Exsanguinate, Begin Untransformation, Renounce Religion, Oozemancy, Slimify


You were in Pandemonium.
You worshipped Jiyva.
Jiyva was exalted by your worship.
You were a living statue of rough stone.
You visited 10 branches of the dungeon, and saw 49 of its levels.
You visited Pandemonium 1 time, and saw 10 of its levels.
You visited the Abyss 1 time.
You visited 1 bazaar.
You also visited: Trove, Sewer, Bailey, Gauntlet, Ice Cave and Volcano.

You collected 6315 gold pieces.
You spent 2911 gold pieces at shops.

Inventory:

Missiles
 E - 13 throwing nets (quivered)
Armour
 p - a +0 pair of gloves of dexterity (melded)
 A - the +2 hat of the Bear Spirit {Spirit, Bear, *Rage Will++}
   (Okawaru gifted it to you in a volcano)

   Bear:      Going berserk makes the wearer exceptionally tough, and they are
   slowed for a shorter time afterward.
   Will++:    It greatly increases your willpower.
   *Rage:     It berserks you when you make melee attacks (+20% chance).
 F - a +0 pair of boots (melded)
 I - a +0 tower shield of reflection (worn)
 U - the +15 Maxwell's patent armour (melded) {-Cast -Tele rElec Will+ rCorr}
   (You acquired it on level 3 of the Dungeon)

   rElec:     It insulates you from electricity.
   Will+:     It increases your willpower.
   -Cast:     It prevents spellcasting.
   -Tele:     It prevents most forms of teleportation.
   rCorr:     It protects you from acid and corrosion.
 W - a +2 cloak (worn)
Jewellery
 f - the ring of the Burgomaster {EV+5 Str+3 Int+3}
   (You found it on level 5 of the Pits of Slime)

   [ring of evasion]

   EV+5:      It affects your evasion (+5).
   Str+3:     It affects your strength (+3).
   Int+3:     It affects your intelligence (+3).
 m - a ring of poison resistance
 o - the ring of Youthful Indiscretion (right fist) {Fly rN++ Slay+5}
   (You acquired it on level 3 of the Snake Pit)

   [ring of flight]

   Slay+5:    It affects your accuracy & damage with ranged weapons and melee
   (+5).
   rN++:      It greatly protects you from negative energy.
   Fly:       It grants you flight.
 r - the necklace of Bloodlust (around neck) {Fury *Rage Will++ Int-3 Slay+6}
   (You bought it in a shop on level 15 of the Dungeon)

   [amulet of nothing]

   Fury:      It extends the wearer's berserk rage when killing foes.
   Int-3:     It affects your intelligence (-3).
   Slay+6:    It affects your accuracy & damage with ranged weapons and melee
   (+6).
   Will++:    It greatly increases your willpower.
   *Rage:     It berserks you when you make melee attacks (+50% chance).
 B - a ring of protection from cold
 O - the amulet of Ignis's Righteous Fury {Regen+ Str+4}
   (You took it off an ogre mage on level 5 of the Vaults)

   [amulet of regeneration]

   Str+4:     It affects your strength (+4).
   Regen+:    It increases your rate of health regeneration.
 T - a ring of protection from fire (left fist)
Talismans
 d - a storm talisman
 k - a dragon-blood talisman
 Y - a granite talisman (active)
Wands
 g - a wand of mindburst (33)
 x - a wand of polymorph (7)
 G - a wand of paralysis (45)
 J - a wand of light (28)
 N - a wand of roots (19)
 S - a wand of digging (5)
Scrolls
 l - a scroll of butterflies
 s - 5 scrolls of fog
 t - 6 scrolls of poison {!r}
 v - 3 scrolls of silence
 w - 20 scrolls of teleportation
 y - 5 scrolls of revelation
 z - 9 scrolls of blinking
 C - 2 scrolls of enchant armour
 P - 2 scrolls of torment {!r}
 Q - 4 scrolls of fear
Potions
 b - a potion of cancellation
 c - 6 potions of enlightenment
 e - 2 potions of berserk rage {!q}
 h - 2 potions of magic
 i - 4 potions of haste
 n - 3 potions of heal wounds {@q2}
 q - 8 potions of mutation {!q}
 u - 13 potions of curing {@q1}
 D - 2 potions of might
 H - 6 potions of ambrosia
 K - 2 potions of invisibility
 M - 3 potions of attraction {!q}
 V - 2 potions of lignification {!q}
Miscellaneous
 a - a tin of tremorstones (2/2)
 j - a sack of spiders
 L - a phantom mirror
 R - a lightning rod (4/4)
 Z - a phial of floods


   Skills:
 - Level 20.0 Fighting
 - Level 13.3 Armour
 + Level 16.7 Dodging
 + Level 14.6 Shields
 O Level 27 Unarmed Combat
 - Level 4.0 Spellcasting
 - Level 5.0 Translocations
 - Level 5.0 Invocations
 - Level 5.0 Evocations
 + Level 22.9 Shapeshifting


You had 27 spell levels left.
You knew the following spells:

 Your Spells              Type           Power      Damage    Failure   Level
a - Manifold Assault      Tloc           13%        N/A       95%         4
b - Lesser Beckoning      Tloc           26%        N/A       47%         2

Your spell library contained the following spells:

 Spells                   Type           Power      Damage    Failure   Level
 Apportation              Tloc           26%        N/A       38%         1
 Blink                    Tloc           26%        N/A       47%         2
 Momentum Strike          Conj/Tloc      14%        3d8       78%         2
 Foxfire                  Conj/Fire      8%         2x1d4     91%         1
 Kiss of Death            Conj/Necr      8%         2d6       91%         1
 Necrotise                Necr           8%         1d4       91%         1
 Shock                    Conj/Air       8%         1d3       91%         1
 Slow                     Hex            8%         N/A       91%         1
 Summon Small Mammal      Summ           8%         N/A       91%         1
 Passage of Golubria      Tloc           13%        N/A       95%         4
 Ensorcelled Hibernation  Hex/Ice        4%         N/A       97%         2
 Jinxbite                 Hex            4%         N/A       97%         2
 Mercury Vapours          Alch/Air       4%         N/A       97%         2
 Call Canine Familiar     Summ           2%         N/A       99%         3
 Confusing Touch          Hex            2%         N/A       99%         3
 Frozen Ramparts          Ice            4%         1d1       99%         3
 Fugue of the Fallen      Necr           2%         N/A       99%         3
 Hailstorm                Conj/Ice       2%         3d5       99%         3
 Inner Flame              Hex/Fire       2%         N/A       99%         3
 Mephitic Cloud           Conj/Alch/Air  2%         N/A       99%         3
 Ozocubu's Armour         Ice            2%         N/A       99%         3
 Passwall                 Erth           2%         N/A       99%         3
 Sigil of Binding         Hex            2%         N/A       99%         3
 Summon Ice Beast         Ice/Summ       2%         N/A       99%         3
 Tukima's Dance           Hex            2%         N/A       99%         3
 Vampiric Draining        Necr           2%         2d6       99%         3
 Anguish                  Hex/Necr       1%         N/A       100%        4
 Brom's Barrelling Bould  Conj/Erth      2%         2d3       100%        4
 Cause Fear               Hex            1%         N/A       100%        4
 Dimensional Bullseye     Hex/Tloc       3%         N/A       100%        4
 Dispel Undead            Necr           2%         3d7       100%        4
 Flame Wave               Conj/Fire      2%         2d4       100%        4
 Leda's Liquefaction      Alch/Erth      1%         N/A       100%        4
 Martyr's Knell           Necr/Summ      2%         N/A       100%        4
 Olgreb's Toxic Radiance  Alch           2%         N/A       100%        4
 Petrify                  Alch/Erth      2%         N/A       100%        4
 Sticky Flame             Fire/Alch      2%         2d4       100%        4
 Summon Blazeheart Golem  Fire/Summ      2%         N/A       100%        4
 Vhi's Electric Charge    Tloc/Air       14%        N/A       100%        4
 Alistair's Intoxication  Alch           1%         N/A       100%        5
 Arcjolt                  Conj/Air       1%         1d11      100%        5
 Curse of Agony           Necr           2%         N/A       100%        5
 Irradiate                Conj/Alch      1%         3d12      100%        5
 Iskenderun's Battlesphe  Conj           2%         2d6       100%        5
 Metabolic Englaciation   Hex/Ice        1%         N/A       100%        5
 Summon Forest            Summ/Tloc      3%         N/A       100%        5
 Summon Mana Viper        Hex/Summ       2%         N/A       100%        5
 Yara's Violent Unravell  Hex/Alch       1%         3d3       100%        5
 Conjure Ball Lightning   Conj/Air       1%         3x3d6     100%        6
 Plasma Beam              Fire/Air       1%         2x1d11    100%        6
 Sculpt Simulacrum        Ice/Alch       1%         N/A       100%        6
 Starburst                Conj/Fire      1%         6d3       100%        6
 Summon Cactus Giant      Summ           1%         N/A       100%        6
 Enfeeble                 Hex            1%         N/A       100%        7
 Malign Gateway           Summ/Tloc      3%         N/A       100%        7
 Ozocubu's Refrigeration  Ice            1%         4d7       100%        7
 Discord                  Hex            1%         N/A       100%        8
 Disjunction              Tloc           6%         N/A       100%        8
 Ignition                 Fire           1%         3d3       100%        8
 Polar Vortex             Ice            1%         N/A       100%        9
 Sublimation of Blood     Necr           Unusable   N/A       N/A         2

Dungeon Overview and Level Annotations

Branches:
Dungeon (15/15)            Temple (1/1) D:4            Lair (5/5) D:9
  Swamp (4/4) Lair:2        Snake (4/4) Lair:3        Slime (5/5) Lair:4
    Orc (1/2) D:9          Vaults (5/5) D:13          Crypt (0/3) Vaults:3
 Depths (4/4) D:15            Zot (5/5) Depths:4      Sewer (visited)
 Bailey (visited)           IceCv (visited)         Volcano (visited)
Gauntlet (visited)

Altars:
Ashenzari
Cheibriados
Dithmenos
Fedhas
Gozag
Hepliaklqana
Kikubaaqudgha
Makhleb
Nemelex Xobeh
Okawaru
Qazlal
Ru
Sif Muna
Trog
Uskayaw
Vehumet
Wu Jian
Xom
Yredelemnul
Jiyva
Lugonu

Shops:
D:3 ?   D:5 :   D:6 ?   D:9 [   D:11 [   D:14 :[   D:15 =   Snake:1 :
Snake:3 !:?   Vaults:1 [

Portals:
Hell: Depths:1 Depths:2 Depths:3 Depths:4
Abyss: Lair:5 Depths:1 Depths:2 Depths:3
Pandemonium: Depths:1 Depths:2
Ziggurat: Depths:4

Annotations:
D:10 3 runed translucent doors, Tewichka's ghost, novice DEEE
D:12 3 runed translucent doors, Mrcake's ghost, journeyman DgGl
D:13 1 runed translucent door
Lair:5 3 runed translucent doors, Gargoyl's ghost, journeyman GrBe
Swamp:2 3 runed translucent doors, Zacwoi's ghost, adept BaHs
Slime:5 Royal Jelly
Vaults:1 5 transporters
Zot:1 2 transporters
Zot:5 4 transporters


Innate Abilities, Weirdness & Mutations

You are a living statue of rough stone.
Your actions are slow, but your melee attacks are powerful.
You are resistant to unholy torment.
Your maximum health is greatly increased.
Your equipment is partially melded.
Your natural rate of healing is accelerated.
You have razor-sharp teeth.
You have supernaturally acute eyesight. (SInv)
You are afflicted with vampirism and can become a bat while bloodless.
You have a pair of large horns on your head.
((You are mostly covered in iridescent scales. (AC +4)))
You are very agile. (Dex +8, Str/Int -2)
You sometimes lose your temper in combat.
Your flesh is cold resistant. (rC+)
Your body sometimes deteriorates upon taking damage.
You are highly strong-willed. (Will++)
You passively map a small area around you.
You are occasionally teleported next to monsters.
You are weak. (Str -2)
Your spells are much harder to cast, but much more powerful.
Your body has grown many eyes which may confuse attackers. (Acc +5)
Armour fits poorly on your massive pseudopods.
You are covered in slimy tendrils that may disarm your opponents.
Your movements are slightly less encumbered by armour. (ER -2)


Message History

The Executioner closely misses you.
The Executioner hits you but does no damage.
The Executioner completely misses you.
The demonspawn black sun completely misses you.
The walls burn the balrug!
The orange demon completely misses you.
The walls burn the sixfirhy!
The walls burn the demonspawn corrupter!
The walls burn the smoke demon!
The demonspawn warmonger invokes the aid of its god against you.
Your magic feels tainted.
The wall burns the demonspawn blood saint!
The demonspawn blood saint hits you but does no damage.
The eyeballs on your body gaze at the demonspawn blood saint.
The walls burn the demonspawn corrupter!
The demonspawn corrupter barely misses you.
The demonspawn corrupter completely misses you.
The Executioner hits you but does no damage.
The Executioner completely misses you.
The Executioner hits you but does no damage.
The walls burn the sixfirhy!
The demonspawn black sun misses you.
The walls burn the balrug!
The orange demon closely misses you.
The ynoxinul gestures.
The walls burn the demonspawn corrupter! x2
You kill the demonspawn corrupter!
The sphinx disappears in a puff of smoke!
The wall burns the demonspawn blood saint!
The walls burn the smoke demon!
The demonspawn warmonger hits you with a +3 double sword!!
* * * LOW HITPOINT WARNING * * *
You feel as though you will be weak longer.
The demonspawn warmonger barely misses you.
The demonspawn warmonger gores you!
* * * LOW HITPOINT WARNING * * *
You feel your power leaking away.
The walls burn the sixfirhy!
The Executioner hits you.
* * * LOW HITPOINT WARNING * * *
You feel as though you will be weak longer.
The Executioner hits you.
You die...
Jiyva sends a jelly to digest your equipment.

*#.......# , * ...
*#.......# , '
####'###### #.......#
...,#.........#
#.......# ,
,/...#5...5...#*
#.......' **
....#........#
,+.......# ...'..3426.#*
####'#### + #..216..+ ,
,#......# , #.516I.# ,,
#......# * , #..§[3.# ,
##.....## , ####2####
+......+. ##..63...##
##.....##. ,
#.........## #......#..
#...........#####'######
, #...###'###...#......#
,# #... ....
#...#.....## , *
#..,#.....#...#....## *,


You could see a demonspawn warmonger (black mark), a demonspawn blood saint
(black mark, confused), a demonspawn corrupter, a demonspawn black sun (fast,
black mark), 2 balrugs, 2 Executioners, a shadow demon (black mark), an orange
demon (summoned), a sixfirhy, a smoke demon, a ynoxinul (summoned) and 3
ufetubi.

Vanquished Creatures
  Mnoleg (Pan)
  4 dread liches
  8 orbs of fire
  3 ancient liches (Vaults:5)
  A pandemonium lord (Pan)
  2 juggernauts (Depths:4)
  Parghit (Zot:1)
  5 Killer Klowns
  Saint Roka (Depths:1)
  Margery (Depths:3)
  A curse toe (Zot:3)
  A caustic shrike (Depths:4)
  20 golden dragons
  A pearl dragon (Pan)
  the Enchantress (Depths:4)
  Norris (Depths:1)
  3 Brimstone Fiends (Pan)
  4 electric golems
  5 Tzitzimimeh (Pan)
  Jorgrun (Orc:1)
  24 tentacled monstrosities
  A walking earthen tome (Depths:4)
  3 deep elf blademasters
  A hellephant (Depths:3)
  4 Ice Fiends
  Mlioglotl (Swamp:2)
  25 Orb Guardians (Zot:5)
  4 liches
  Rupert (D:13)
  9 quicksilver dragons
  7 titans
  2 walking divine tomes (Depths:3)
  2 deep elf master archers
  4 tentacled starspawn (Abyss:2)
  An eldritch tentacle (Pan)
  8 death cobs
  4 Executioners (Pan)
  7 sphinxes
  13 shadow dragons
  Agnes (Snake:2)
  3 nagarajas (Snake:4)
  Kirke (D:15)
  6 tengu reavers
  13 fire giants
  14 storm dragons
  Aizul (Vaults:2)
  4 protean progenitors
  5 draconian knights
  3 daevas (Pan)
  5 draconian monks
  3 draconian shifters (Zot:4)
  A demonspawn warmonger (Pan)
  2 iron dragons
  18 frost giants
  The ghost of ballabu the Champion of Chaos, a journeyman DsGl of Makhleb (Lair:4)
  3 draconian scorchers
  A ghoul (Vaults:3)
  4 balrugs (Pan)
  13 vault wardens
  7 ghost moths
  4 spectral caustic shrikes (Depths:2)
  18 cacodemons (Pan)
  2 orc warlords
  28 very ugly things
  6 draconian annihilators
  6 spriggan defenders (Depths:4)
  12 ironbound preservers
  3 draconian stormcallers
  5 reapers
  2 ironbound thunderhulks
  3 demonspawn corrupters (Pan)
  An eleionoma (Swamp:4)
  2 deep elf demonologists (Vaults:5)
  6 apis (Pan)
  2 deep elf death magi (Vaults:5)
  21 stone giants
  5 vampire knights
  7 black draconians
  10 purple draconians
  7 green draconians
  A minotaur (Gauntlet)
  4 war gargoyles
  3 spark wasps
  6 red draconians
  5 bunyips
  3 crystal guardians
  4 yellow draconians
  An eidolon (Vaults:3)
  4 dire elephants
  10 white draconians
  19 ettins
  Snorg (D:13)
  A blizzard demon (Pan)
  A merfolk impaler (Depths:1)
  8 fire dragons
  5 green deaths (Pan)
  An entropy weaver (Vaults:5)
  3 merfolk javelineers (D:13)
  17 yaktaur captains
  5 salamander tyrants (Snake:4)
  A deep elf high priest (Depths:3)
  7 rakshasas
  A shambling mangrove (Swamp:2)
  4 peacekeepers
  30 vault guards
  7 ice dragons
  21 hydras
  An ogre mage (Vaults:5)
  A ghost crab (Swamp:4)
  2 catoblepae
  9 spriggan air magi
  A death knight (Vaults:3)
  6 ironbound frosthearts
  10 centaur warriors
  18 alligators
  5 boulder beetles
  A jorogumo (Pan)
  6 anacondas
  5 two-headed ogres
  6 deep troll earth magi
  A radroach (Pan)
  3 thrashing horrors (Lair:5)
  A hell hog (Abyss:2)
  15 naga warriors
  5 spriggan berserkers
  13 tengu warriors
  A dancing weapon (Vaults:5)
  A demonic crawler (Pan)
  8 deep troll shamans
  4 shock serpents
  Nergalle (D:10)
  3 orc high priests (Depths:1)
  8 naga sharpshooters
  An occultist (D:15)
  13 sixfirhies
  17 sun demons (Pan)
  2 soul eaters (Pan)
  3 skeletal warriors (D:15)
  7 skysharks
  15 hell knights
  3 salamander mystics (Snake:4)
  6 iron trolls (Depths:2)
  7 goliath frogs
  9 mana vipers
  9 shadow demons (Pan)
  5 spriggan simulacra (IceCv)
  2 flayed ghosts
  9 swamp dragons
  14 large abominations
  An obsidian statue (IceCv)
  6 phantasmal warriors
  4 arcanists
  A spriggan druid (Swamp:2)
  34 deep trolls
  4 bog bodies
  3 deep elf archers
  20 ironbound convokers
  8 lindwurms
  3 naga ritualists
  9 harpies
  9 necromancers
  6 orc knights
  5 oklob plants (Lair:2)
  3 wolf spiders (Pan)
  2 deep elf pyromancers (D:13)
  5 will-o-the-wisps
  4 deep elf zephyrmancers
  A faun (shapeshifter) (Depths:3)
  2 manticores
  3 orc sorcerers
  38 ugly things
  10 elephants
  11 salamanders
  6 cyclopes
  4 meliai
  12 naga magi
  A rust devil (Depths:2)
  A kobold blastminer (Orc:1)
  22 moths of wrath
  24 black mambas
  5 guardian serpents
  19 vault sentinels
  A cane toad (shapeshifter) (D:15)
  2 ice statues (Snake:2)
  14 orange demons (Pan)
  4 gargoyles (Volcano)
  3 torpor snails
  5 molten gargoyles (Volcano)
  13 cane toads
  2 efreet
  7 rime drakes
  7 smoke demons
  33 yaktaurs
  4 unseen horrors
  An anaconda simulacrum (IceCv)
  9 freezing wraiths
  12 ice devils
  16 komodo dragons
  5 tengu conjurers
  9 tormentors (Pan)
  A polar bear (Lair:4)
  A red devil (Pan)
  2 hellwings (Pan)
  4 starcursed masses (Abyss:2)
  7 tyrant leeches
  An alligator simulacrum (IceCv)
  9 merfolk (D:13)
  A raiju (shapeshifter) (D:14)
  4 trolls
  A bloated husk (Swamp:2)
  8 raiju
  9 hornets
  32 blink frogs
  5 dream sheep (Lair:5)
  A dream sheep (shapeshifter) (Depths:1)
  12 spriggans
  8 water elementals
  7 ynoxinuls
  4 humans (D:13)
  66 yaks
  A wraith (D:13)
  3 hogs (D:15)
  A vampire (D:10)
  8 basilisks
  21 vampire mosquitoes
  3 wargs
  2 redbacks (Vaults:5)
  4 minotaur simulacra (IceCv)
  7 neqoxecs
  4 steam dragons
  17 chaos spawn
  11 swamp worms
  A harpy simulacrum (IceCv)
  48 nagas
  An acid dragon (D:12)
  14 water moccasins
  Duvessa (D:4)
  3 black bears
  33 orc warriors
  13 swamp drakes
  2 ice beasts
  2 laughing skulls (D:15)
  13 ogres
  11 wolves
  10 centaurs
  2 phantoms
  8 brain worms
  6 kobold brigands
  21 bullfrogs
  16 small abominations
  9 gnoll sergeants
  9 deep troll simulacra (IceCv)
  2 scorpions (D:5)
  5 wights (D:8)
  Dowan (D:4)
  6 killer bees (D:9)
  A lindwurm simulacrum (IceCv)
  11 howler monkeys
  2 jellies
  18 hounds
  9 gnoll boudas
  16 orc priests
  3 iguanas
  Natasha (thrice) (D:2)
  35 orc wizards
  Robin (D:4)
  52 gnolls
  4 adders
  4 river rats
  2 shadow imps (Gauntlet)
  4 white imps
  4 ufetubi
  4 ribbon worms
  A dart slug (D:1)
  89 orcs
  13 ball pythons
  5 endoplasms
  10 giant cockroaches
  19 goblins
  8 hobgoblins
  7 jackals
  41 kobolds
  5 quokkas
  2 training dummies (D:4)
  5 bats
  10 frilled lizards
  12 rats
  3 aspiring fleshes (Pan)
  2 starspawn tentacles (Abyss:2)
2215 creatures vanquished.

Vanquished Creatures (collateral kills)
  An ugly thing (D:15)
  An anaconda simulacrum (IceCv)
  An alligator simulacrum (IceCv)
  A minotaur simulacrum (IceCv)
  An ettin simulacrum (IceCv)
5 creatures vanquished.

Vanquished Creatures (others)
  A golden dragon (Depths:4)
  A tentacled monstrosity (Depths:4)
  A walking frostbound tome (Depths:4)
  A sphinx (Depths:4)
  An eldritch tentacle (Pan)
  A tengu reaver (Depths:4)
  A nagaraja (Snake:4)
  2 azure jellies
  3 fire giants
  A draconian shifter (Zot:2)
  2 ironbound preservers (Vaults:5)
  A war gargoyle (Vaults:5)
  A red draconian (Zot:4)
  2 yaktaur captains
  5 great orbs of eyes
  An ice dragon (Depths:4)
  A hydra (Swamp:4)
  An alligator (Swamp:3)
  A two-headed ogre (D:12)
  A two-headed ogre (shapeshifter) (Depths:2)
  A tengu warrior (Lair:5)
  2 glowing orange brains (Depths:4)
  A deep elf knight (D:15)
  2 deep trolls (Vaults:4)
  2 lindwurms (Vaults:4)
  A shining eye (Pan)
  3 ironbound convokers
  A harpy (Vaults:3)
  A faun (shapeshifter) (Vaults:5)
  A moth of wrath (Zot:3)
  An elephant (shapeshifter) (Depths:4)
  A naga mage (Snake:4)
  A water nymph (shapeshifter) (Vaults:5)
  4 vault sentinels
  An eye of devastation (shapeshifter) (Depths:1)
  A glass eye (Depths:2)
  3 yaktaurs
  2 tengu conjurers
  An efreet (D:15)
  An ancient zyme (Abyss:2)
  A merfolk (D:13)
  A bloated husk (Swamp:3)
  A tyrant leech (shapeshifter) (Vaults:5)
  A dream sheep (shapeshifter) (Vaults:5)
  30 slime creatures
  A glass eye (shapeshifter) (Depths:4)
  A slime creature (shapeshifter) (Vaults:5)
  A small abomination (Lair:5)
  A naga (Lair:5)
  4 centaurs
  A howler monkey (D:13)
  254 jellies
  3 gnolls (D:12)
  3 orcs
  14 foxfires
  7 starspawn tentacles (Abyss:2)
384 creatures vanquished.

Grand Total: 2604 creatures vanquished

Notes
Turn   | Place    | Note
-------+----------+-------------------------------------------
     0 | D:1      | Kenran the Vampire Fighter began the quest for the Orb.
     0 | D:1      | Reached XP level 1. HP: 17/17 MP: 1/1
   130 | D:1      | Reached XP level 2. HP: 19/23 MP: 2/2
   229 | D:1      | Reached skill level 3 in Unarmed Combat
   271 | D:1      | Gained mutation: You are afflicted with vampirism and can
                  | become a bat while bloodless. [Vampire growth]
   271 | D:1      | Reached XP level 3. HP: 29/29 MP: 3/3
   748 | D:1      | Found a faded altar of an unknown god.
  1026 | D:2      | Noticed Natasha
  1039 | D:2      | Killed Natasha
  1040 | D:2      | Reached skill level 4 in Unarmed Combat
  1040 | D:2      | Reached XP level 4. HP: 14/35 MP: 4/4
  1099 | D:2      | Noticed Natasha
  1108 | D:2      | Killed Natasha
  1260 | D:2      | Reached skill level 5 in Unarmed Combat
  1481 | D:2      | Noticed Natasha
  1502 | D:2      | Killed Natasha
  1503 | D:2      | Reached XP level 5. HP: 12/41 MP: 5/5
  1794 | D:3      | Found a shimmering blue altar of Sif Muna.
  1857 | D:3      | Found a glowing drain.
  1878 | Sewer    | Entered a sewer
  1903 | Sewer    | Reached skill level 6 in Unarmed Combat
  2098 | Sewer    | Reached XP level 6. HP: 44/47 MP: 6/6
  2127 | Sewer    | Reached skill level 7 in Unarmed Combat
  2232 | Sewer    | Reached skill level 1 in Dodging
  3095 | D:3      | Found Ylayvy's Magic Scroll Emporium.
  3098 | D:3      | Bought a scroll of identify for 22 gold pieces
  3276 | D:4      | Noticed Duvessa
  3277 | D:4      | Noticed Dowan
  3289 | D:4      | Killed Duvessa
  3290 | D:4      | Reached XP level 7. HP: 52/52 MP: 5/7
  3291 | D:4      | Killed Dowan
  3407 | D:4      | Noticed Robin
  3444 | D:4      | Killed Robin
  3526 | D:4      | Reached skill level 8 in Unarmed Combat
  3580 | D:4      | You fall into a shaft and drop 2 floors!
  3738 | D:5      | Entered Level 5 of the Dungeon
  3750 | D:6      | Reached XP level 8. HP: 56/61 MP: 8/8
  3764 | D:5      | Reached skill level 9 in Unarmed Combat
  3879 | D:6      | Reached skill level 5 in Fighting
  3886 | D:6      | Reached skill level 10 in Unarmed Combat
  3935 | D:6      | Found Femeor's Magic Scroll Boutique.
  3994 | D:6      | Bought a scroll of blinking for 90 gold pieces
  4248 | D:4      | Identified the +4 ring mail of Good Intentions {rN+ Int-5
                  | Dex+7 Slay-5}
  4723 | D:4      | Found a staircase to the Ecumenical Temple.
  4836 | Temple   | Entered the Ecumenical Temple
  4888 | Temple   | Became a worshipper of Warmaster Okawaru
  4978 | D:5      | Found an opulent altar of Gozag.
  5289 | D:5      | Reached XP level 9. HP: 50/69 MP: 7/9
  5336 | D:5      | Reached * piety under Okawaru
  5493 | D:5      | Found Ciavo's Book Emporium.
  6091 | D:6      | Reached skill level 11 in Unarmed Combat
  6371 | D:7      | Reached ** piety under Okawaru
  6544 | D:7      | Reached skill level 5 in Armour
  6756 | D:7      | Found a bloodstained altar of Trog.
  6850 | D:7      | Found an ornate altar of the Wu Jian Council.
  7106 | D:8      | Reached XP level 10. HP: 68/79 MP: 8/10
  7117 | D:8      | Reached skill level 12 in Unarmed Combat
  7134 | D:8      | Reached *** piety under Okawaru
  7161 | D:8      | Reached skill level 13 in Unarmed Combat
  7718 | D:8      | Reached **** piety under Okawaru
  7766 | D:8      | Reached skill level 14 in Unarmed Combat
  8181 | D:8      | Reached XP level 11. HP: 81/87 MP: 11/11
  8640 | D:8      | Upgraded the game from 0.32-a0 to 0.32-a0-39-g5c88369fb2
  8640 | D:8      | Upgraded the game from 0.32-a0-39-g5c88369fb2 to
                  | 0.32-a0-128-g77eb882913
  8721 | D:9      | Reached ***** piety under Okawaru
  8734 | D:9      | Found a sacrificial altar of Ru.
  8753 | D:9      | Found a blossoming altar of Fedhas.
  8802 | D:9      | Identified the +5 whip of Bexyfask {venom, rElec rCorr}
  8882 | D:9      | Reached skill level 10 in Fighting
  9063 | D:9      | Found a staircase to the Orcish Mines.
  9209 | D:9      | Noticed a two-headed ogre
  9231 | D:9      | Killed a two-headed ogre
  9258 | D:9      | Found Seen's Armour Shoppe.
  9310 | D:9      | Found a staircase to the Lair.
  9458 | D:10     | Entered Level 10 of the Dungeon
  9539 | D:10     | Received a gift from Okawaru
  9541 | D:10     | Identified the +4 falchion "Vampire's Doom" {protect, rC++
                  | Will- rCorr Dex+2}
  9543 | D:10     | Noticed a two-headed ogre
  9568 | D:10     | Killed a two-headed ogre
  9610 | D:10     | Found a broken altar of Ashenzari.
  9751 | D:10     | Found a flagged portal.
  9794 | Bailey   | Entered a bailey
 10253 | D:10     | Noticed Nergalle
 10275 | D:10     | Killed Nergalle
 10276 | D:10     | Reached XP level 12. HP: 48/97 MP: 8/12
 10525 | D:10     | Found a runed translucent gate.
 10525 | D:10     | Found a runed translucent gate.
 10526 | D:10     | Found a runed translucent gate.
 10527 | D:10     | Noticed Tewichka's ghost (novice DEEE)
 10759 | Lair:1   | Entered Level 1 of the Lair of Beasts
 10769 | Lair:1   | Reached skill level 1 in Invocations
 10903 | Lair:1   | Found a dark tunnel.
 10910 | Volcano  | Entered a volcano
 11330 | Volcano  | Noticed a red draconian
 11349 | Volcano  | Killed a red draconian
 11351 | Volcano  | Received a gift from Okawaru
 11359 | Volcano  | Noticed an orb of fire
 11405 | Volcano  | Noticed an orb of fire
 11423 | Volcano  | Reached skill level 15 in Unarmed Combat
 11428 | Volcano  | Reached ****** piety under Okawaru
 11583 | Volcano  | Acquired the +2 hat of the Bear Spirit {Spirit, Bear, *Rage
                  | Will++}
 11583 | Volcano  | Received a gift from Okawaru
 11583 | Volcano  | Found the +2 hat of the Bear Spirit {Spirit, Bear, *Rage
                  | Will++}
 11973 | Lair:1   | Acquired the +11 plutonium sword {^Contam Stlth-}
 11973 | Lair:1   | Received a gift from Okawaru
 11973 | Lair:1   | Found the +11 plutonium sword {^Contam Stlth-}
 11979 | Lair:1   | Identified the staff of Taamur {rN+ Will+++ rCorr Dex-2
                  | Necro Fire}
 12057 | Lair:1   | Received a gift from Okawaru
 12631 | Lair:1   | Reached XP level 13. HP: 105/105 MP: 12/16
 12682 | Lair:2   | Reached skill level 10 in Armour
 13080 | Lair:2   | Reached skill level 16 in Unarmed Combat
 13428 | Lair:2   | Reached skill level 5 in Invocations
 13765 | Lair:2   | Found a staircase to the Swamp.
 13941 | D:3      | Bought a scroll of acquirement for 572 gold pieces
 13941 | D:3      | Bought a scroll of teleportation for 33 gold pieces
 13941 | D:3      | Bought a scroll of fear for 44 gold pieces
 13941 | D:3      | Bought a scroll of identify for 22 gold pieces
 13942 | D:3      | Acquired the +15 Maxwell's patent armour {-Cast -Tele rElec
                  | Will+ rCorr}
 13942 | D:3      | Found the +15 Maxwell's patent armour {-Cast -Tele rElec
                  | Will+ rCorr}
 14283 | Lair:2   | Received a gift from Okawaru
 14460 | Lair:3   | Found a hide-covered altar of Uskayaw.
 14540 | Lair:3   | Found a staircase to the Snake Pit.
 14686 | Lair:3   | Received a gift from Okawaru
 15426 | Lair:4   | Found a viscous altar of Jiyva.
 15426 | Lair:4   | Found a staircase to the Slime Pits.
 15542 | Lair:4   | Reached XP level 14. HP: 118/118 MP: 15/17
 15594 | Lair:4   | Fell from the grace of Okawaru
 15594 | Lair:4   | Became a worshipper of Jiyva Jutry the Shapeless
 15717 | Lair:4   | Found a runed translucent door.
 15790 | Lair:4   | Noticed ballabu's ghost (journeyman DsGl)
 15824 | Lair:4   | Identified the +3 robe "Ocvathun" {Str+3 Int+3}
 16020 | Lair:5   | Entered Level 5 of the Lair of Beasts
 16021 | Lair:5   | Noticed Gargoyl's ghost (journeyman GrBe)
 16022 | Lair:5   | Noticed a fire giant
 16043 | Lair:4   | Killed a fire giant
 16054 | Lair:4   | HP: 5/118 [poisoned by a naga warrior (splash of poison)]
 16449 | Lair:4   | Reached skill level 5 in Shields
 17039 | Lair:5   | Found a runed translucent gate.
 17039 | Lair:5   | Found a runed translucent gate.
 17059 | Lair:5   | Reached * piety under Jiyva
 17292 | Lair:5   | Noticed a frost giant
 17292 | Lair:5   | Noticed a frost giant
 17308 | Lair:5   | Killed a frost giant
 17318 | Lair:5   | Killed a frost giant
 17409 | Lair:5   | Found a runed translucent gate.
 17557 | Lair:5   | Reached skill level 17 in Unarmed Combat
 17851 | Lair:5   | Noticed a fire giant
 17878 | Lair:5   | Killed a fire giant
 18351 | Lair:5   | Found a corrupted altar of Lugonu.
 18351 | Lair:5   | Found a one-way gate to the infinite horrors of the Abyss.
 18521 | Lair:5   | Identified the +4 ring mail of Pyhiho {-Cast Harm rN++
                  | Regen+}
 18913 | D:11     | Found Tuidudderue's Antique Armour Shop.
 18933 | D:11     | Noticed a stone giant
 18954 | D:11     | Killed a stone giant
 19217 | D:11     | Noticed a stone giant
 19217 | D:11     | Noticed a frost giant
 19238 | D:10     | Killed a stone giant
 19301 | D:10     | Killed a frost giant
 19553 | D:11     | Reached ** piety under Jiyva
 20358 | D:12     | Found a runed translucent gate.
 20359 | D:12     | Found a runed translucent gate.
 20359 | D:12     | Found a runed translucent gate.
 20363 | D:12     | Noticed Mrcake's ghost (journeyman DgGl)
 20394 | D:12     | Reached *** piety under Jiyva
 20460 | D:12     | Gained mutation: You have a small jelly attached to you
                  | that may absorb projectiles. [Jiyva's grace]
 20460 | D:12     | Gained mutation: Your movements are slightly less
                  | encumbered by armour. (ER -2) [Jiyva's grace]
 20460 | D:12     | Gained mutation: Your movements are less encumbered by
                  | armour. (ER -4) [Jiyva's grace]
 20460 | D:12     | Gained mutation: Your movements are significantly less
                  | encumbered by armour. (ER -6) [Jiyva's grace]
 20556 | D:12     | Identified the +8 trident "Ceninoh" {heavy, rCorr}
 20892 | D:13     | Found a gate leading to a gauntlet.
 20906 | Gauntlet | Entered a Gauntlet
 20906 | Gauntlet | Found a transporter.
 20906 | Gauntlet | Found a transporter.
 20914 | Gauntlet | Found a transporter.
 20918 | Gauntlet | Found a transporter.
 20922 | Gauntlet | Found a runed translucent door.
 20924 | Gauntlet | Found a runed translucent door.
 20926 | Gauntlet | Found a transporter.
 20930 | Gauntlet | Found a transporter.
 20933 | Gauntlet | Noticed a reaper
 20938 | Gauntlet | Found a transporter.
 20954 | Gauntlet | Found a transporter.
 20971 | Gauntlet | Found a transporter.
 20972 | Gauntlet | Found a transporter.
 20976 | Gauntlet | Found a runed translucent door.
 20976 | Gauntlet | Found a runed translucent door.
 20980 | Gauntlet | Found a transporter.
 20984 | Gauntlet | Found a transporter.
 21071 | Gauntlet | Reached XP level 15. HP: 123/123 MP: 18/18
 21092 | Gauntlet | Noticed a fire giant
 21105 | Gauntlet | Killed a fire giant
 21151 | Gauntlet | Identified the amulet of Lefuwuw {Acrobat rCorr}
 21185 | Gauntlet | Got the Guidebook on Mutated Geometry
 21302 | D:13     | Noticed Rupert
 21305 | D:13     | Reached **** piety under Jiyva
 21322 | D:13     | Killed Rupert
 21418 | D:13     | Reached skill level 18 in Unarmed Combat
 21513 | D:13     | Found a gate to the Vaults.
 21749 | D:13     | Found a runed translucent door.
 21749 | D:13     | Noticed a frost giant
 21750 | D:13     | Noticed a frost giant
 21764 | D:13     | Noticed Snorg
 21775 | D:13     | Killed Snorg
 21800 | D:13     | Identified the +2 chain mail of the Tortured God {rC+ Will+
                  | Stlth+}
 21934 | D:13     | Noticed a deep elf blademaster
 21953 | D:13     | Killed a deep elf blademaster
 21966 | Abyss:2  | Cast into level 2 of the Abyss (merfolk javelineer)
 22115 | Abyss:2  | Gained mutation: Potions are less effective at restoring
                  | your health. [a neqoxec]
 22148 | Abyss:2  | Reached ***** piety under Jiyva
 22173 | Abyss:2  | Gained mutation: Armour fits poorly on your strangely
                  | shaped body. [a neqoxec]
 22174 | Abyss:2  | Gained mutation: You are frail. (-10% HP) [a neqoxec]
 22184 | Abyss:2  | Lost mutation: Your movements are significantly less
                  | encumbered by armour. (ER -6) [Jiyva's grace]
 22184 | Abyss:2  | Gained mutation: Your muscles are strong. (Str +4, Int/Dex
                  | -1) [Jiyva's grace]
 22184 | Abyss:2  | Gained mutation: Your muscles are very strong. (Str +8,
                  | Int/Dex -2) [Jiyva's grace]
 22184 | Abyss:2  | Gained mutation: Your body has grown eyes which may confuse
                  | attackers. (Acc +3) [Jiyva's grace]
 22184 | Abyss:2  | Gained mutation: Your body has grown many eyes which may
                  | confuse attackers. (Acc +5) [Jiyva's grace]
 22216 | Abyss:2  | Noticed a tentacled starspawn
 22225 | Abyss:2  | Killed a tentacled starspawn
 22226 | Abyss:2  | Reached skill level 19 in Unarmed Combat
 22267 | Abyss:2  | Noticed a tentacled starspawn
 22274 | Abyss:2  | Killed a tentacled starspawn
 22331 | Abyss:2  | Noticed a tentacled starspawn
 22342 | Abyss:2  | Killed a tentacled starspawn
 22345 | Abyss:2  | Noticed a tentacled starspawn
 22355 | Abyss:2  | Killed a tentacled starspawn
 22378 | D:13     | Escaped the Abyss
 22494 | D:13     | Noticed a deep elf master archer
 22516 | D:13     | Killed a deep elf master archer
 22768 | D:14     | Found Kisaocw's Book Shop.
 22927 | D:14     | Found Bexzufos's Antique Armour Shoppe.
 23100 | D:15     | Entered Level 15 of the Dungeon
 23171 | D:15     | Reached skill level 20 in Unarmed Combat
 23253 | D:15     | Reached skill level 1 in Evocations
 23298 | D:15     | Noticed Kirke
 23315 | D:15     | Killed Kirke
 23388 | D:15     | Found Zoarih's Jewellery Shoppe.
 23395 | D:15     | Noticed a deep elf master archer
 23395 | D:15     | Noticed a deep elf blademaster
 23395 | D:15     | Noticed a deep elf blademaster
 23410 | D:15     | Killed a deep elf blademaster
 23418 | D:15     | Killed a deep elf blademaster
 23424 | D:15     | Killed a deep elf master archer
 23442 | D:15     | Found a staircase to the Depths.
 23500 | D:15     | Found a burning altar of Makhleb.
 23507 | D:15     | Identified the +1 robe of Immorality {Fly Regen+}
 23559 | D:15     | Lost mutation: You are frail. (-10% HP) [Jiyva's grace]
 23559 | D:15     | Lost mutation: Your body has grown many eyes which may
                  | confuse attackers. (Acc +5) [Jiyva's grace]
 23559 | D:15     | Lost mutation: Potions are less effective at restoring your
                  | health. [Jiyva's grace]
 23559 | D:15     | Gained mutation: You have a pair of small antennae on your
                  | head. [Jiyva's grace]
 23559 | D:15     | Gained mutation: You have a pair of antennae on your head.
                  | [Jiyva's grace]
 23559 | D:15     | Gained mutation: You have a pair of large antennae on your
                  | head. (SInv) [Jiyva's grace]
 23559 | D:15     | Gained mutation: You are covered in slimy tendrils that may
                  | disarm your opponents. [Jiyva's grace]
 23966 | D:9      | Was forgiven by Okawaru
 23967 | D:9      | Noticed a fire giant
 23967 | D:9      | Noticed a frost giant
 23967 | D:9      | Noticed a fire giant
 23972 | D:9      | Killed a fire giant
 23979 | D:9      | Killed a fire giant
 23983 | D:9      | Killed a frost giant
 24015 | Orc:1    | Entered Level 1 of the Orcish Mines
 24115 | Orc:1    | Reached XP level 16. HP: 118/131 MP: 17/19
 24427 | Orc:1    | Noticed Jorgrun
 24441 | Orc:1    | Killed Jorgrun
 24541 | Orc:1    | Reached ****** piety under Jiyva
 24772 | Slime:1  | Entered Level 1 of the Pits of Slime
 24777 | Slime:1  | Noticed an acid blob
 24792 | Slime:4  | Noticed an acid blob
 24797 | Slime:5  | Entered Level 5 of the Pits of Slime
 24804 | Slime:5  | Identified the ring of the Burgomaster {EV+5 Str+3 Int+3}
 24813 | Slime:5  | Noticed an acid blob
 24816 | Slime:5  | Noticed the Royal Jelly
 24820 | Slime:5  | Noticed an acid blob
 24830 | Slime:5  | Noticed an acid blob
 24831 | Slime:5  | Found a viscous altar of Jiyva.
 24848 | Slime:5  | Noticed an acid blob
 24866 | Slime:5  | Got Gnosis and You
 24888 | Slime:5  | Noticed an acid blob
 24889 | Slime:5  | Noticed an acid blob
 24929 | Slime:5  | Noticed an acid blob
 24936 | Slime:5  | Noticed an acid blob
 24936 | Slime:5  | Noticed an acid blob
 24949 | Slime:5  | Got a starry gem with 425 turns to spare
 24951 | Slime:5  | Got a slimy rune of Zot
 25019 | Slime:1  | Noticed an acid blob
 25100 | Lair:4   | Killed ballabu's ghost
 25166 | Snake:1  | Entered Level 1 of the Snake Pit
 25210 | Snake:1  | Reached skill level 5 in Evocations
 25413 | D:15     | Bought the necklace of Bloodlust {Fury *Rage Will++ Int-3
                  | Slay+6} for 906 gold pieces
 25413 | D:15     | Found the necklace of Bloodlust {Fury *Rage Will++ Int-3
                  | Slay+6}
 25864 | Snake:1  | Found Foamun's Tiny Tomes.
 26269 | Snake:2  | Lost mutation: You have a pair of large antennae on your
                  | head. (SInv) [Jiyva's grace]
 26269 | Snake:2  | Lost mutation: You have a small jelly attached to you that
                  | may absorb projectiles. [Jiyva's grace]
 26269 | Snake:2  | Gained mutation: You possess an exceptional clarity of
                  | mind. [Jiyva's grace]
 26269 | Snake:2  | Gained mutation: Your translucent skin slightly reduces
                  | your foes' accuracy. (Stealth+) [Jiyva's grace]
 26269 | Snake:2  | Gained mutation: Your translucent skin reduces your foes'
                  | accuracy. (Stealth+) [Jiyva's grace]
 26269 | Snake:2  | Gained mutation: Your transparent skin significantly
                  | reduces your foes' accuracy. (Stealth+) [Jiyva's grace]
 26418 | Snake:2  | Noticed Agnes
 26429 | Snake:2  | Killed Agnes
 26715 | Snake:2  | Found a glacial archway.
 26750 | IceCv    | Entered an ice cave
 26859 | IceCv    | Reached skill level 5 in Dodging
 26946 | IceCv    | Found the +4 skin of Zhor {*Englaciate rC+++ SInv}
 26976 | IceCv    | Noticed an Ice Fiend
 27011 | IceCv    | Killed an Ice Fiend
 27055 | IceCv    | Got the Meditations on the Map
 28046 | Snake:3  | Found Oruadier's Distillery.
 28048 | Snake:3  | Found Methrih's Book Boutique.
 28050 | Snake:3  | Found Qajotina's Magic Scroll Shop.
 28054 | Snake:3  | Bought a potion of heal wounds for 95 gold pieces
 28054 | Snake:3  | Bought a potion of heal wounds for 95 gold pieces
 28054 | Snake:3  | Bought a potion of haste for 190 gold pieces
 28054 | Snake:3  | Bought 2 potions of curing for 114 gold pieces
 28079 | Snake:3  | Reached skill level 21 in Unarmed Combat
 28252 | Snake:3  | Lost mutation: Armour fits poorly on your strangely shaped
                  | body. [Jiyva's grace]
 28252 | Snake:3  | Lost mutation: Your transparent skin significantly reduces
                  | your foes' accuracy. (Stealth+) [Jiyva's grace]
 28252 | Snake:3  | Gained mutation: You expend magic power (3 MP) to
                  | strengthen your wands. [Jiyva's grace]
 28252 | Snake:3  | Gained mutation: You are partially covered in iridescent
                  | scales. (AC +2) [Jiyva's grace]
 28252 | Snake:3  | Gained mutation: You are mostly covered in iridescent
                  | scales. (AC +4) [Jiyva's grace]
 28252 | Snake:3  | Gained mutation: You are completely covered in iridescent
                  | scales. (AC +6) [Jiyva's grace]
 28488 | Snake:4  | Entered Level 4 of the Snake Pit
 28522 | Snake:4  | Reached XP level 17. HP: 31/140 MP: 17/20
 28908 | Snake:4  | Reached skill level 22 in Unarmed Combat
 29476 | Snake:4  | Got a serpentine rune of Zot
 29677 | Swamp:1  | Entered Level 1 of the Swamp
 30362 | Swamp:2  | Lost mutation: You are completely covered in iridescent
                  | scales. (AC +6) [Jiyva's grace]
 30362 | Swamp:2  | Lost mutation: You possess an exceptional clarity of mind.
                  | [Jiyva's grace]
 30362 | Swamp:2  | Lost mutation: Your translucent skin reduces your foes'
                  | accuracy. (Stealth+) [Jiyva's grace]
 30362 | Swamp:2  | Gained mutation: You have large cloven feet. [Jiyva's
                  | grace]
 30362 | Swamp:2  | Gained mutation: You have hoof-like feet. [Jiyva's grace]
 30362 | Swamp:2  | Gained mutation: You have hooves in place of feet. [Jiyva's
                  | grace]
 30362 | Swamp:2  | Gained mutation: You have acidic saliva. [Jiyva's grace]
 30496 | Swamp:2  | Found a runed translucent gate.
 30500 | Swamp:2  | Found a runed translucent gate.
 30500 | Swamp:2  | Found a runed translucent gate.
 30502 | Swamp:2  | Noticed Zacwoi's ghost (adept BaHs)
 30519 | Swamp:2  | Reached skill level 23 in Unarmed Combat
 30789 | Swamp:2  | Noticed Mlioglotl
 30802 | Swamp:2  | Killed Mlioglotl
 30853 | Swamp:2  | Identified the +8 longbow of Spring {drain, rF+ rC+}
 31486 | Swamp:4  | Entered Level 4 of the Swamp
 31499 | Swamp:4  | Reached XP level 18. HP: 147/147 MP: 21/21
 31696 | Swamp:4  | Noticed the 27-headed Lernaean hydra
 31699 | Swamp:4  | Slimified the 27-headed Lernaean hydra
 31699 | Swamp:4  | the 27-headed Lernaean hydra changed into an azure jelly
                  | shaped Lernaean hydra
 31699 | Swamp:4  | Noticed an azure jelly shaped Lernaean hydra
 31701 | Swamp:4  | Killed an azure jelly shaped Lernaean hydra
 31707 | Swamp:4  | Reached skill level 10 in Dodging
 31781 | Swamp:4  | Got a decaying rune of Zot
 32381 | Vaults:1 | Entered Level 1 of the Vaults
 32428 | Vaults:1 | Found a transporter.
 32438 | Vaults:1 | Lost mutation: You have hooves in place of feet. [Jiyva's
                  | grace]
 32438 | Vaults:1 | Lost mutation: You have hoof-like feet. [Jiyva's grace]
 32438 | Vaults:1 | Lost mutation: You are covered in slimy tendrils that may
                  | disarm your opponents. [Jiyva's grace]
 32438 | Vaults:1 | Gained mutation: Your rubbery body absorbs attacks. (AC +1,
                  | EV +1) [Jiyva's grace]
 32438 | Vaults:1 | Gained mutation: Your pliable body absorbs attacks. (AC +2,
                  | EV +2) [Jiyva's grace]
 32438 | Vaults:1 | Gained mutation: Your gelatinous body deflects attacks. (AC
                  | +3, EV +3) [Jiyva's grace]
 32438 | Vaults:1 | Gained mutation: Your flesh is heat resistant. (rF+)
                  | [Jiyva's grace]
 32450 | Vaults:1 | Found a transporter.
 32450 | Vaults:1 | Found a transporter.
 32455 | Vaults:1 | Identified the amulet of Mauh {Faith Will+ Int+3}
 32474 | Vaults:1 | Found a transporter.
 32476 | Vaults:1 | Found a transporter.
 32642 | Vaults:1 | Reached skill level 10 in Shields
 32953 | Vaults:1 | Found Cuxoih's Armour Shoppe.
 33250 | Vaults:1 | Found a portal to a secret trove of treasure.
 33356 | Vaults:2 | Identified the serpent talisman of Woakkof {Dex+6}
 33356 | Vaults:2 | Noticed Aizul
 33363 | Vaults:2 | Killed Aizul
 33434 | Vaults:2 | Reached skill level 1 in Shapeshifting
 33687 | Vaults:2 | Identified the +1 leather armour of Painted Satisfaction
                  | {rPois Str+3}
 33707 | Vaults:2 | Reached skill level 24 in Unarmed Combat
 34466 | Snake:3  | Bought a scroll of acquirement for 728 gold pieces
 34466 | Snake:3  | Acquired the ring of Youthful Indiscretion {Fly rN++
                  | Slay+5}
 34790 | Vaults:3 | Reached skill level 5 in Shapeshifting
 34803 | Vaults:3 | Found a staircase to the Crypt.
 34890 | Vaults:3 | Lost mutation: You have large cloven feet. [Jiyva's grace]
 34890 | Vaults:3 | Lost mutation: Your translucent skin slightly reduces your
                  | foes' accuracy. (Stealth+) [Jiyva's grace]
 34890 | Vaults:3 | Gained mutation: You possess an exceptional clarity of
                  | mind. [Jiyva's grace]
 34890 | Vaults:3 | Gained mutation: You are strong-willed. (Will+) [Jiyva's
                  | grace]
 34890 | Vaults:3 | Gained mutation: You are highly strong-willed. (Will++)
                  | [Jiyva's grace]
 34890 | Vaults:3 | Gained mutation: You are extremely strong-willed. (Will+++)
                  | [Jiyva's grace]
 35049 | Vaults:3 | Reached XP level 19. HP: 153/153 MP: 22/22
 35821 | Vaults:4 | Reached skill level 10 in Shapeshifting
 36346 | Vaults:4 | Lost mutation: Your muscles are very strong. (Str +8,
                  | Int/Dex -2) [Jiyva's grace]
 36346 | Vaults:4 | Lost mutation: You have acidic saliva. [Jiyva's grace]
 36346 | Vaults:4 | Lost mutation: Your movements are less encumbered by
                  | armour. (ER -4) [Jiyva's grace]
 36346 | Vaults:4 | Gained mutation: You are completely covered in iridescent
                  | scales. (AC +6) [Jiyva's grace]
 36346 | Vaults:4 | Gained mutation: You have a somewhat thin skeletal
                  | structure. (Dex +2, Stealth+) [Jiyva's grace]
 36346 | Vaults:4 | Gained mutation: You have a moderately thin skeletal
                  | structure. (Dex +4, Stealth++) [Jiyva's grace]
 36346 | Vaults:4 | Gained mutation: You have an unnaturally thin skeletal
                  | structure. (Dex +6, Stealth+++) [Jiyva's grace]
 37048 | Depths:1 | Entered Level 1 of the Depths
 37056 | Depths:1 | Found a gateway to Hell.
 37159 | Depths:1 | Noticed Saint Roka
 37195 | Depths:1 | Killed Saint Roka
 37275 | Depths:1 | Reached XP level 20. HP: 149/160 MP: 23/23
 37327 | Depths:1 | Noticed Norris
 37366 | Depths:1 | Killed Norris
 37448 | Depths:1 | Found a one-way gate leading to the halls of Pandemonium.
 37629 | Depths:1 | Found a bloodstained altar of Trog.
 37740 | Depths:1 | Reached skill level 15 in Shapeshifting
 38099 | Depths:2 | Found a flickering gateway to a bazaar.
 38115 | Bazaar   | Entered a bazaar
 38120 | Bazaar   | Found Cul Vuerph's Book Shop.
 38133 | Bazaar   | Found Uhog's Jewellery Shop.
 38277 | Depths:2 | Identified the +0 great mace "Leviticus" {holy, *Noise rC+
                  | rCorr}
 38424 | Depths:2 | Lost mutation: You have a pair of antennae on your head.
                  | [Jiyva's grace]
 38424 | Depths:2 | Lost mutation: You are completely covered in iridescent
                  | scales. (AC +6) [Jiyva's grace]
 38424 | Depths:2 | Lost mutation: You have an unnaturally thin skeletal
                  | structure. (Dex +6, Stealth+++) [Jiyva's grace]
 38424 | Depths:2 | Lost mutation: You are extremely strong-willed. (Will+++)
                  | [Jiyva's grace]
 38424 | Depths:2 | Lost mutation: Your gelatinous body deflects attacks. (AC
                  | +3, EV +3) [Jiyva's grace]
 38424 | Depths:2 | Lost mutation: Your pliable body absorbs attacks. (AC +2,
                  | EV +2) [Jiyva's grace]
 38424 | Depths:2 | Gained mutation: Your flesh is cold resistant. (rC+)
                  | [Jiyva's grace]
 38424 | Depths:2 | Gained mutation: Your flesh is very cold resistant. (rC++)
                  | [Jiyva's grace]
 38424 | Depths:2 | Gained mutation: Your flesh is almost immune to the effects
                  | of cold. (rC+++) [Jiyva's grace]
 38424 | Depths:2 | Gained mutation: You have a small jelly attached to you
                  | that may absorb projectiles. [Jiyva's grace]
 38504 | Depths:2 | Reached skill level 15 in Fighting
 38821 | Depths:2 | You are sucked into a shaft and drop 1 floor!
 39116 | Depths:3 | Noticed Margery
 39135 | Depths:3 | Killed Margery
 39326 | Depths:3 | Noticed a golden dragon
 39336 | Depths:3 | Killed a golden dragon
 39378 | Depths:3 | Reached XP level 21. HP: 126/166 MP: 24/24
 39550 | Depths:3 | Noticed a golden dragon
 39567 | Depths:3 | Killed a golden dragon
 40051 | Vaults:1 | You paid a toll of +3 gold dragon scales to enter a
                  | treasure trove
 40052 | Trove    | Entered a treasure trove
 40057 | Trove    | Found the +5 demon whip "Spellbinder" {antimagic, disrupt,
                  | Will+}
 40060 | Trove    | Identified the ring "Biowky" {EV+5 Str+4 Dex+3}
 40067 | Trove    | Got the Spellbook of Topography and Ectoplasm
 40078 | Trove    | Identified the amulet "Peroil" {Faith rN+ Dex+2}
 40084 | Trove    | Identified the +6 sling of Viush {freeze, Dex+3}
 40408 | Depths:4 | Entered Level 4 of the Depths
 40408 | Depths:4 | Noticed a golden dragon
 40417 | Depths:4 | Killed a golden dragon
 40549 | Depths:4 | Found a one-way gateway to a ziggurat.
 40590 | Depths:4 | Lost mutation: You have a pair of small antennae on your
                  | head. [Jiyva's grace]
 40590 | Depths:4 | Lost mutation: Your flesh is almost immune to the effects
                  | of cold. (rC+++) [Jiyva's grace]
 40590 | Depths:4 | Lost mutation: Your flesh is heat resistant. (rF+) [Jiyva's
                  | grace]
 40590 | Depths:4 | Gained mutation: Your spells are a little harder to cast,
                  | but a little more powerful. [Jiyva's grace]
 40590 | Depths:4 | Gained mutation: Your spells are harder to cast, but more
                  | powerful. [Jiyva's grace]
 40590 | Depths:4 | Gained mutation: Your spells are much harder to cast, but
                  | much more powerful. [Jiyva's grace]
 40590 | Depths:4 | Gained mutation: You are covered in slimy tendrils that may
                  | disarm your opponents. [Jiyva's grace]
 40656 | Depths:4 | Noticed the Enchantress
 40674 | Depths:4 | Killed the Enchantress
 40718 | Depths:4 | Found a gate to the Realm of Zot.
 40812 | Depths:4 | Found an iron altar of Okawaru.
 40812 | Depths:4 | Found an ancient bone altar of Kikubaaqudgha.
 40847 | Depths:4 | Noticed a juggernaut
 40857 | Depths:4 | Killed a juggernaut
 40892 | Depths:4 | Noticed a golden dragon
 40892 | Depths:4 | Noticed a juggernaut
 40893 | Depths:4 | Noticed a golden dragon
 40903 | Depths:4 | Killed a golden dragon
 40910 | Depths:4 | Slimified a juggernaut
 40910 | Depths:4 | a juggernaut changed into an azure jelly
 40920 | Depths:4 | Killed a golden dragon
 41147 | Depths:4 | Noticed a juggernaut
 41166 | Depths:4 | Killed a juggernaut
 41313 | Depths:4 | Noticed a golden dragon
 41314 | Depths:4 | Noticed a caustic shrike
 41323 | Depths:4 | Killed a golden dragon
 41328 | Depths:4 | Killed a caustic shrike
 41366 | Depths:4 | Reached XP level 22. HP: 102/178 MP: 21/25
 41681 | Zot:1    | Entered Level 1 of the Realm of Zot
 42082 | Zot:1    | Noticed Parghit
 42303 | Zot:1    | Found a transporter.
 42334 | Zot:1    | Killed Parghit
 42606 | Zot:1    | Found a transporter.
 42862 | Zot:2    | Noticed a golden dragon
 42869 | Zot:2    | Killed a golden dragon
 42900 | Zot:2    | Noticed a golden dragon
 42902 | Zot:2    | Noticed a golden dragon
 42904 | Zot:2    | Killed a golden dragon
 42907 | Zot:2    | Killed a golden dragon
 42965 | Zot:2    | Noticed a golden dragon
 42972 | Zot:2    | Killed a golden dragon
 43035 | Zot:2    | Lost mutation: You have a moderately thin skeletal
                  | structure. (Dex +4, Stealth++) [Jiyva's grace]
 43035 | Zot:2    | Lost mutation: Your flesh is very cold resistant. (rC++)
                  | [Jiyva's grace]
 43035 | Zot:2    | Lost mutation: You are highly strong-willed. (Will++)
                  | [Jiyva's grace]
 43035 | Zot:2    | Lost mutation: You expend magic power (3 MP) to strengthen
                  | your wands. [Jiyva's grace]
 43035 | Zot:2    | Gained mutation: You are agile. (Dex +4, Str/Int -1)
                  | [Jiyva's grace]
 43035 | Zot:2    | Gained mutation: You are very agile. (Dex +8, Str/Int -2)
                  | [Jiyva's grace]
 43035 | Zot:2    | Gained mutation: You passively map a small area around you.
                  | [Jiyva's grace]
 43035 | Zot:2    | Gained mutation: You passively map the area around you.
                  | [Jiyva's grace]
 43216 | Zot:2    | Noticed a golden dragon
 43221 | Zot:2    | Killed a golden dragon
 43239 | Zot:2    | Noticed a golden dragon
 43247 | Zot:2    | Killed a golden dragon
 43298 | Zot:2    | Noticed a golden dragon
 43304 | Zot:2    | Killed a golden dragon
 43437 | Zot:3    | Noticed a curse toe
 43440 | Zot:3    | Killed a curse toe
 43481 | Zot:3    | Reached skill level 25 in Unarmed Combat
 43502 | Zot:3    | Noticed a golden dragon
 43507 | Zot:3    | Killed a golden dragon
 43777 | Zot:3    | Noticed a golden dragon
 43780 | Zot:3    | Noticed a golden dragon
 43785 | Zot:3    | Killed a golden dragon
 43791 | Zot:3    | Reached XP level 23. HP: 62/187 MP: 12/26
 43884 | Zot:3    | Identified the +7 spear "Eruolounk" {spect, rPois rF+ rC+
                  | rCorr}
 44468 | Zot:4    | Noticed a Killer Klown
 44469 | Zot:4    | Identified the ring "Xoof" {Fire Fly}
 44481 | Zot:4    | Killed a Killer Klown
 44618 | Zot:4    | Noticed an orb of fire
 44621 | Zot:4    | HP: 8/244 [orb of fire/bolt of fire (33)]
 44625 | Zot:4    | Lost mutation: Your rubbery body absorbs attacks. (AC +1,
                  | EV +1) [an orb of fire]
 44626 | Zot:4    | Gained mutation: You occasionally shout uncontrollably at
                  | your foes. [an orb of fire]
 44631 | Zot:4    | Gained mutation: You are dopey. (Int -2) [an orb of fire]
 44635 | Zot:4    | Killed an orb of fire
 45205 | Zot:5    | Entered Level 5 of the Realm of Zot
 45271 | Zot:5    | Lost mutation: You have a somewhat thin skeletal structure.
                  | (Dex +2, Stealth+) [Jiyva's grace]
 45271 | Zot:5    | Lost mutation: You passively map the area around you.
                  | [Jiyva's grace]
 45271 | Zot:5    | Lost mutation: You occasionally shout uncontrollably at
                  | your foes. [Jiyva's grace]
 45271 | Zot:5    | Lost mutation: Your muscles are strong. (Str +4, Int/Dex
                  | -1) [Jiyva's grace]
 45271 | Zot:5    | Gained mutation: Armour fits poorly on your pseudopods.
                  | [Jiyva's grace]
 45271 | Zot:5    | Gained mutation: Armour fits poorly on your large
                  | pseudopods. [Jiyva's grace]
 45271 | Zot:5    | Gained mutation: Armour fits poorly on your massive
                  | pseudopods. [Jiyva's grace]
 45271 | Zot:5    | Gained mutation: You have hidden genetic potential.
                  | [Jiyva's grace]
 45352 | Zot:5    | Found a transporter.
 45356 | Zot:5    | Found a transporter.
 45383 | Zot:5    | Found a transporter.
 45449 | Zot:5    | Found a transporter.
 45516 | Zot:5    | Reached skill level 26 in Unarmed Combat
 45757 | Zot:5    | Found a transporter.
 45778 | Zot:5    | Found a transporter.
 45809 | Zot:5    | Found a transporter.
 45831 | Zot:5    | Found a transporter.
 45913 | Zot:5    | Noticed an orb of fire
 46113 | Zot:5    | Noticed a dread lich
 46132 | Zot:5    | Noticed an orb of fire
 46230 | Zot:5    | Found a transporter.
 46251 | Zot:5    | Found a transporter.
 46282 | Zot:5    | Found a transporter.
 46304 | Zot:5    | Found a transporter.
 46371 | Zot:5    | Noticed a Killer Klown
 46395 | Zot:5    | Killed a Killer Klown
 46599 | Zot:5    | Lost mutation: You possess an exceptional clarity of mind.
                  | [an orb of fire]
 46600 | Zot:5    | Gained mutation: You sometimes lose your temper in combat.
                  | [an orb of fire]
 46604 | Zot:5    | Killed an orb of fire
 46607 | Zot:5    | Noticed an orb of fire
 46609 | Zot:5    | Gained mutation: Armour fits poorly on your strangely
                  | shaped body. [an orb of fire]
 46614 | Zot:5    | Killed an orb of fire
 46632 | Zot:5    | Noticed a Killer Klown
 46632 | Zot:5    | Noticed a dread lich
 46675 | Zot:5    | Noticed an orb of fire
 46682 | Zot:5    | Killed an orb of fire
 46797 | Zot:5    | Found a transporter.
 46818 | Zot:5    | Found a transporter.
 46849 | Zot:5    | Found a transporter.
 46871 | Zot:5    | Found a transporter.
 46922 | Zot:5    | Noticed an orb of fire
 46929 | Zot:5    | Killed an orb of fire
 46956 | Zot:5    | Noticed a Killer Klown
 47134 | Zot:5    | Noticed an orb of fire
 47142 | Zot:5    | Killed an orb of fire
 47142 | Zot:5    | Noticed an orb of fire
 47157 | Zot:5    | Noticed a Killer Klown
 47164 | Zot:5    | Killed an orb of fire
 47167 | Zot:5    | Killed a Killer Klown
 47432 | Zot:5    | Found a transporter.
 47453 | Zot:5    | Found a transporter.
 47484 | Zot:5    | Found a transporter.
 47506 | Zot:5    | Found a transporter.
 47880 | Zot:5    | Killed a dread lich
 48014 | Zot:5    | Reached XP level 24. HP: 197/197 MP: 24/26
 48068 | Zot:5    | Killed a Killer Klown
 48073 | Zot:5    | Killed an orb of fire
 48078 | Zot:5    | Killed a dread lich
 48079 | Zot:5    | Killed a Killer Klown
 48761 | Vaults:5 | Entered Level 5 of the Vaults
 48784 | Vaults:4 | Reached skill level 27 in Unarmed Combat
 48880 | Vaults:5 | Gained mutation: You are highly strong-willed. (Will++)
                  | [hidden potential]
 48886 | Vaults:5 | Noticed a dread lich
 48900 | Vaults:5 | Killed a dread lich
 48965 | Vaults:5 | Noticed an ancient lich
 48974 | Vaults:5 | Killed an ancient lich
 48976 | Vaults:5 | Identified the +11 war axe of the Dark Horse {protect, Fly
                  | rF- Int+3}
 49044 | Vaults:5 | Identified the +1 rapier of Paper {heavy, rPois rF+}
 49049 | Vaults:5 | Noticed an ancient lich
 49058 | Vaults:5 | Killed an ancient lich
 49066 | Vaults:5 | Identified the +10 dagger of Beogh's Esteem {drain, rElec
                  | Str+2}
 49066 | Vaults:5 | Identified the amulet of Ignis's Righteous Fury {Regen+
                  | Str+4}
 49114 | Vaults:5 | Got a silver rune of Zot
 49123 | Vaults:5 | Got the Notes on Dislocated Energy
 49162 | Vaults:5 | Reached skill level 15 in Dodging
 49254 | Vaults:5 | Noticed a dread lich
 49260 | Vaults:5 | Killed a dread lich
 49325 | Vaults:5 | Identified the +2 halberd "Ilulus" {spect, rElec rC+ Str+3}
 49342 | Vaults:5 | Learned a level 4 spell: Manifold Assault
 49345 | Vaults:5 | Learned a level 2 spell: Lesser Beckoning
 49379 | Vaults:5 | Noticed an ancient lich
 49386 | Vaults:5 | Killed an ancient lich
 49402 | Vaults:5 | Reached XP level 25. HP: 206/206 MP: 26/26
 49404 | Vaults:5 | Reached skill level 1 in Spellcasting
 49408 | Vaults:5 | Reached skill level 1 in Translocations
 49604 | Vaults:5 | Identified the +1 spear of Calamity {drain, rElec rF++
                  | Str-2}
 49606 | Vaults:5 | Identified the +11 orcbow of Sulphur {freeze, rElec rN+}
 49609 | Vaults:5 | Lost mutation: You sometimes lose your temper in combat.
                  | [Jiyva's grace]
 49609 | Vaults:5 | Lost mutation: Armour fits poorly on your strangely shaped
                  | body. [Jiyva's grace]
 49609 | Vaults:5 | Lost mutation: You are dopey. (Int -2) [Jiyva's grace]
 49609 | Vaults:5 | Lost mutation: You have hidden genetic potential. [Jiyva's
                  | grace]
 49609 | Vaults:5 | Gained mutation: You have a pair of small horns on your
                  | head. [Jiyva's grace]
 49609 | Vaults:5 | Gained mutation: You have a pair of horns on your head.
                  | [Jiyva's grace]
 49609 | Vaults:5 | Gained mutation: You have a pair of large horns on your
                  | head. [Jiyva's grace]
 49609 | Vaults:5 | Gained mutation: Your body has grown many eyes which may
                  | confuse attackers. (Acc +5) [Jiyva's grace]
 49907 | Vaults:5 | Identified the +6 battleaxe of the Dwarven Hall {venom,
                  | rC+}
 50347 | Pan      | Entered Pandemonium
 50517 | Pan      | Gained mutation: You are weak. (Str -2) [a cacodemon]
 50549 | Pan      | Reached skill level 5 in Translocations
 50962 | Pan      | Noticed Ycid the pandemonium lord
 50971 | Pan      | Killed Ycid the pandemonium lord
 51065 | Pan      | Got a demonic rune of Zot
 51610 | Pan      | Paralysed by accursed screaming for 1 turns
 51638 | Pan      | Entered the realm of Mnoleg.
 51658 | Pan      | Gained mutation: You sometimes lose your temper in combat.
                  | [a neqoxec]
 51701 | Pan      | Identified the +6 plate armour of Words of Power {rPois
                  | Dex+4}
 51708 | Pan      | Gained mutation: Your body sometimes deteriorates upon
                  | taking damage. [a neqoxec]
 51735 | Pan      | Lost mutation: You have a small jelly attached to you that
                  | may absorb projectiles. [a cacodemon]
 51953 | Pan      | Noticed Mnoleg
 51973 | Pan      | Killed Mnoleg
 51983 | Pan      | Got a glowing rune of Zot
 52083 | Pan      | Reached XP level 26. HP: 218/218 MP: 29/29
 52083 | Pan      | Gained mutation: You are occasionally teleported next to
                  | monsters. [a cacodemon]
 52208 | Pan      | HP: 14/283 [demonspawn warmonger/+3 double sword (27)]
 52208 | Pan      | HP: 6/283 [demonspawn warmonger/+3 double sword (8)]
 52208 | Pan      | Slain by an Executioner

Illustrated notes

Levels and vault maps discovered:
D:1:      dpeg_arrival_prison, layout_loops_cross,
          shapermc_ecumenical_altar_acropolis, serial_bayou,
          serial_bayou_shore_a, serial_bayou_ford_a, serial_bayou_lake_a,
          serial_bayou_lagoon_a, serial_bayou_pond_b
D:2:      wad_crossroads, layout_basic, nicolae_kite_square_tiling_tiny,
          chequers_serial_rivers_small_a, minmay_tiny_reverse_x, uniq_natasha
D:3:      layout_loops_cross, nicolae_sif_muna_little_library, serial_shops,
          nicolae_shop_rolled_up, mainiacjoe_sewer_entry_somewhere_in_here_1,
          kennysheep_generic_room_15
D:4:      dreamdust_elfheim, layout_basic, minmay_temple_entry_enclosed_plants,
          minmay_misc_feat_roman, uniq_robin
D:5:      layout_cave_pools, nicolae_overflow_crystal_walls, zin_statuary,
          serial_gnoll_camp, gnoll_camp_huts_basic, gnoll_camp_mini_loothouse,
          gnoll_camp_mini_shop, gnoll_camp_mini_basic, gnoll_camp_medium_01
D:6:      layout_rooms, serial_shops, nicolae_shop_window_shopping
D:7:      minmay_clustersquares, layout_cave_pools,
          mainiacjoe_overflow_24_doors, kennysheep_little_box
D:8:      lemuel_castle_with_subvaults [lemuel_castle_interior_carwin_1],
          layout_rooms
D:9:      layout_cave_pools, old_standard_altar,
          mainiacjoe_overflow_small_starburst, due_lair_maze_entry_diamond,
          erik_orc_1, serial_shops, shop
D:10:     minmay_curly_fans, layout_cross, nicolae_ashenzari_panopticon,
          enter_bailey_5, gammafunk_ghost_necromancy, uniq_nergalle
D:11:     layout_layer_cave, serial_shops, nicolae_shop_hallway_plus
D:12:     layout_basic, ebering_ghost_rock_garden
D:13:     layout_loops_ring, hellmonk_vaults_keyhole, gauntlet_entry_generic,
          kennysheep_treasure_room, uniq_snorg, uniq_rupert
D:14:     layout_roguey, infiniplex_staircase_pillars_1, serial_shops,
          nicolae_diamond_shop, nicolae_shop_stone
D:15:     hangedman_depths_entry_civil_slaughter, layout_irregular_city,
          serial_shops, nicolae_shop_window_shopping,
          lemuel_coloured_pillars_altar, chequers_serial_rivers_micro_d,
          bloody_makhleb, uniq_kirke
Temple:   eino_temple_lava
Lair:1:   layout_regular_city, nicolae_volcano_entry_vermiform
Lair:2:   minmay_lair_oklob_tunnel, layout_layer_cave,
          mainiacjoe_swamp_entry_lozenge_pond
Lair:3:   layout_cave_shapes, dummy_snake_entry, basic_altar, grunt_megastairs_5
Lair:4:   layout_loops_ring, dpeg_slime_entry_corner,
          ebering_ghost_reflecting_pool, infiniplex_staircase_pool_2,
          grunt_megastairs_3
Lair:5:   hellmonk_lair_end_abyssal_woods, layout_layer_cave,
          maelrawn_ghost_gauntlet_escape
Swamp:1:  layout_basic_swamp, serial_swamp_ruin, evilmike_swamp_ruin_house_1,
          evilmike_swamp_ruin_house_6
Swamp:2:  nicolae_swamp_ascending_descending_big, layout_basic_swamp,
          gammafunk_ghost_split, evilmike_swamp_ruin_wall, uniq_mlioglotl
Swamp:3:  layout_basic_swamp, evilmike_swamp_ruin_house_2, swamp_pool_5,
          nicolae_swamp_well_well_well
Swamp:4:  swamp_old_school, layout_basic_swamp
Snake:1:  layout_onion_interference, nicolae_shop_i_like_small_books_too
Snake:2:  layout_onion, portal_ice_cave_entry_ice_statue_two,
          grunt_megastairs_4, uniq_agnes
Snake:3:  layout_honeycomb, minmay_shop_star
Snake:4:  minmay_snake_end_coiled, layout_rooms
Slime:1:  layout_caves
Slime:2:  layout_caves, nicolae_slime_getting_an_eyeful
Slime:3:  layout_caves, nicolae_slime_phagocytosis
Slime:4:  layout_caves, cheibrodos_slime_lost_civilization_4
Slime:5:  slime_pit_nicolae_inversion
Orc:1:    layout_caves, uniq_jorgrun
Vaults:1: nicolae_vaults_more_shelving_1, nicolae_vaults_shelves_hall,
          nicolae_vaults_mini_display_case, grunt_vaults_hallway_long,
          v_misc_33, gammafunk_the_bubble [the_bubble_gammafunk_roulette],
          hangedman_vaults_snaps, nicolae_vaults_tetromino_T_1, v_misc_9,
          nicolae_vaults_storage_closets_3, ontoclasm_vaults_shuriken,
          nicolae_vaults_trapezoid_lopsided_1, ontoclasm_vaults_fault,
          layout_vaults_omnibox, serial_shops, nicolae_shop_peninsula,
          nicolae_trove_entry_crossroad
Vaults:2: grunt_vaults_hallway_short, hangedman_vaults_variations,
          grunt_vaults_funnel, hangedman_vaults_maws,
          nicolae_vaults_little_squares_2, nicolae_vaults_shipping_containers_5,
          v_misc_24, nicolae_vaults_diamond_2, nicolae_vaults_closet_pinwheel_5,
          nicolae_vaults_storage_room_glass, layout_vaults_ring, uniq_aizul
Vaults:3: ontoclasm_vaults_loading_screen, nicolae_vaults_rhombus_6, v_misc_18,
          hangedman_vaults_restitches, nicolae_vaults_cornered_office,
          vaults_room_stairs_pillars, minmay_crypt_entry_simple_box, v_rooms_5,
          v_alt_pattern_4, nicolae_vaults_trapezoid_3, nicolae_vaults_wrenched,
          nicolae_vaults_shrinking_rooms_2, nicolae_vaults_trapezoid_2,
          nicolae_vaults_tetromino_T_2, layout_vaults_big_cross
Vaults:4: v_alt_pattern_3, nicolae_vaults_network_star,
          nicolae_vaults_heart-shaped_vault, vaults_room_grid,
          hangedman_vaults_restitches, nicolae_vaults_two_Ls,
          nicolae_vaults_doubleplus_tesselated, nicolae_vaults_angled_halls,
          nicolae_vaults_what_the_h, nicolae_vaults_diamond_1,
          layout_vaults_omnigrid
Vaults:5
Depths:1: layout_cave_pools, rand_demon_pan_entry_7, hell_entry, bloody_trog,
          abyss_entry, abandoned_shop, amcnicky_mini_corridor_feature,
          serial_library_hellmonk_semicircle, minmay_misc_feat_square,
          kennysheep_kite_vault, serial_bayou_shore_b, uniq_saint_roka,
          uniq_norris
Depths:2: minmay_isolated_rectangles_in_corner, layout_honeycomb,
          grunt_pan_entry_zigzag, serial_shops, bzr_entry_lakeside,
          minmay_misc_feat_more_columns, pf_hell_entry_tar_river,
          minmay_room_of_horrors, minmay_shop_grove,
          infiniplex_staircase_hallway_doors
Depths:3: minmay_textured_paths, layout_gridlike, abyss_entry, grunt_metal_band,
          infiniplex_staircase_door_maze
Depths:4: hangedman_slaughterboxes, hell_entry, uniq_enchantress
Zot:1:    layout_cathedral_of_symmetry, nicolae_diode_stairs,
          grunt_megastairs_2, uniq_parghit
Zot:2:    kennysheep_oblong_rooms, layout_misc_corridors,
          regret_index_zot_stipple_split, st_small_dragon_hoard_4
Zot:3:    layout_twisted_circle, nicolae_tricolors,
          regret_index_zotdec_twisting_globes
Zot:4:    kennysheep_spiral_hall, layout_gridlike,
          regret_index_zotdec_decaying_basic, regret_index_zotdec_tunneler
Zot:5:    layout_gridlike, nicolae_diode_intersection
Pan:      evilmike_mini_pan_diamond, layout_pan_divisions_a
          [pan_division_quadrant_a3, pan_division_quadrant_a2,
          pan_division_quadrant_a1, pan_division_quadrant_a2,
          pan_division_octagon_empty], nicolae_pan_sigil_uleosi,
          nicolae_pan_lom_lobonic_1, nicolae_pan_diamonds, layout_basic,
          lemuel_hall_of_pain, layout_cellular_growth, grunt_pan_sceptre,
          layout_grid_shapes, evilmike_holy_pan, evilmike_mini_pan_doors_b,
          layout_pan_divisions_a [pan_division_quadrant_a3,
          pan_division_quadrant_a5, pan_division_quadrant_a1,
          pan_division_quadrant_a3, pan_division_octagon_empty],
          pan_blood_fountain, lemuel_hellion_island, layout_basic, mnoleg_st,
          layout_pan_divisions_b [pan_division_quadrant_b1,
          pan_division_quadrant_b6, pan_division_quadrant_b6,
          pan_division_quadrant_b6], pan_blood_fountain_small, rand_demon_9,
          layout_onion_city, evilmike_mini_pan_possible_glass,
          layout_pan_divisions_a [pan_division_quadrant_a3,
          pan_division_quadrant_a4, pan_division_quadrant_a6,
          pan_division_quadrant_a4, pan_division_octagon_box]

Skill      XL: |  1  2  3  4  5  6  7  8  9 10 11 12 13 14 15 16 17 18 19 20 21 22 23 24 25 |
---------------+----------------------------------------------------------------------------+-----
Unarmed Combat | 3 4 5 6 7 8 10 11 14 15 16 17 20 21 23 24 25 26 27 | 27.0
Fighting       | 3 4 5 7 8 10 13 14 15 16 17 18 20 | 20.0
Shields        | 3 4 7 8 9 10 12 13 14 | 14.6
Dodging        | 3 8 9 10 11 13 15 16 | 16.7
Armour         | 3 5 6 9 10 11 12 13 | 13.3
Invocations    | 4 5 |  5.0
Evocations     | 4 5 |  5.0
Shapeshifting  | 6 14 17 20 21 22 | 22.9
Spellcasting   | 4 |  4.0
Translocations | 5 |  5.0

Action                     |  1- 3 |  4- 6 |  7- 9 | 10-12 | 13-15 | 16-18 | 19-21 | 22-24 | 25-27 || total
---------------------------+-------+-------+-------+-------+-------+-------+-------+-------+-------++-------
  Melee: Unarmed           |   122 |   212 |   462 |   913 |  1875 |  1189 |  1316 |   813 |   419 ||  7321
         Bite              |    11 |    16 |    58 |   112 |   286 |   190 |   242 |   149 |    51 ||  1115
         Kick              |       |       |       |       |       |   132 |       |       |       ||   132
         Pseudopods        |       |       |       |       |       |       |       |   120 |    99 ||   219
         Headbutt          |       |       |       |       |       |       |       |       |   109 ||   109
 Invoke: Heroism           |       |       |       |     9 |       |       |       |       |       ||     9
         Receive Weapon    |       |       |       |     1 |       |       |       |       |       ||     1
         Receive Armour    |       |       |       |     1 |       |       |       |       |       ||     1
         Oozemancy         |       |       |       |       |       |     4 |     6 |     4 |     2 ||    16
         Slimify           |       |       |       |       |       |     2 |     3 |     2 |     1 ||     8
  Evoke: Wand              |       |       |       |     1 |    10 |       |       |       |       ||    11
    Use: Potion            |       |     4 |       |    10 |     7 |     9 |     2 |    16 |       ||    48
         Scroll            |       |     3 |     2 |     9 |     8 |    11 |     3 |       |     4 ||    40
   Stab: Invisible         |       |       |       |     1 |     2 |       |       |       |       ||     3
         Confused          |       |       |       |       |     7 |    11 |    18 |     7 |    10 ||    53
         Distracted        |       |       |       |       |     1 |       |     1 |     1 |       ||     3
         Sleeping          |       |       |       |       |       |       |       |     4 |       ||     4
 Armour: Scale mail        |    64 |    94 |   344 |    88 |       |       |       |       |       ||   590
         Skin              |       |       |     1 |       |       |       |       |   691 |   334 ||  1026
         Plate armour      |       |       |       |   640 |  1825 |   737 |   632 |       |       ||  3834
  Dodge: Dodged            |    51 |    72 |   239 |   297 |   449 |   640 |   631 |   890 |   576 ||  3845
  Block: Buckler           |    22 |    32 |   100 |   187 |       |       |       |       |       ||   341
         Kite shield       |       |       |       |    15 |   952 |    65 |       |       |       ||  1032
         Tower shield      |       |       |       |       |       |   890 |  1190 |  1155 |   687 ||  3922
         Reflection        |       |       |       |       |       |    92 |    33 |    36 |     9 ||   170
   Form: Statue            |       |       |       |       |       |       |       |     1 |       ||     1

Table legend: (Time is in decaauts)
 A = Elapsed time spent in this place.
 B = Non-inter-level travel time spent in this place.
 C = Inter-level travel time spent in this place.
 D = Time resting spent in this place.
 E = Time spent auto-exploring this place.
 F = Levels seen in this place.
 G = Mean time per level.
                   A        B        C        D        E       F      G
               +--------+--------+--------+--------+--------+-----+--------+
         Total |  57240 |  51484 |   5756 |   4899 |  30457 |  67 |  854.3 |
       Dungeon |  15305 |  13368 |   1937 |   1229 |   8222 |  15 | 1020.3 |
        Temple |     61 |     53 |      8 |      0 |      0 |   1 |   61.0 |
          Lair |   7755 |   6744 |   1011 |   1294 |   3514 |   5 | 1551.0 |
         Swamp |   2850 |   2690 |    160 |      0 |   1960 |   4 |  712.5 |
     Snake Pit |   3633 |   3244 |    389 |    110 |   2199 |   4 |  908.2 |
    Slime Pits |    257 |    186 |     71 |      0 |      2 |   5 |   51.4 |
  Orcish Mines |    579 |    526 |     53 |      3 |    315 |   1 |  579.0 |
        Vaults |   6441 |   5434 |   1007 |     74 |   3773 |   5 | 1288.2 |
        Depths |   4469 |   3708 |    761 |     57 |   2205 |   4 | 1117.2 |
           Zot |   9741 |   9386 |    355 |    722 |   6808 |   5 | 1948.2 |
         Abyss |    409 |    409 |      0 |     59 |    131 |   1 |  409.0 |
   Pandemonium |   2887 |   2887 |      0 |    833 |    306 |  10 |  288.7 |
        Bazaar |     46 |     46 |      0 |      0 |     41 |   1 |   46.0 |
         Trove |     44 |     44 |      0 |      0 |      0 |   1 |   44.0 |
         Sewer |    809 |    809 |      0 |     19 |    573 |   1 |  809.0 |
        Bailey |    339 |    339 |      0 |     71 |     68 |   1 |  339.0 |
      Ice Cave |    573 |    573 |      0 |     20 |    252 |   1 |  573.0 |
       Volcano |    751 |    751 |      0 |    383 |     47 |   1 |  751.0 |
      Gauntlet |    283 |    283 |      0 |     20 |     35 |   1 |  283.0 |
               +--------+--------+--------+--------+--------+-----+--------+

Top non-repeatable levels by time:
   Zot:5: 4525 daAuts
  Lair:5: 2163 daAuts
  Lair:2: 1750 daAuts
Vaults:5: 1735 daAuts
   Zot:1: 1667 daAuts
  Lair:4: 1639 daAuts
   Zot:4: 1520 daAuts
    D:13: 1465 daAuts
     D:8: 1431 daAuts
Depths:4: 1424 daAuts
Vaults:4: 1415 daAuts
  Lair:1: 1305 daAuts
    D:11: 1253 daAuts
Vaults:1: 1193 daAuts
 Snake:2: 1155 daAuts
